 Dungeon Crawl Stone Soup version 0.18.1-48-g4cf74bf (webtiles) character file.

37 Gargoyl the Skirmisher (level 3, -1/29 HPs)
             Began as a Demonspawn Abyssal Knight on July 28, 2016.
             Was a Follower of Lugonu.
             Slain by an adder (4 damage)
             ... on level 2 of the Dungeon.
             The game lasted 00:01:54 (990 turns).

Gargoyl the Skirmisher (Demonspawn Abyssal Knight)   Turns: 990, Time: 00:01:54

Health: -1/29      AC:  3    Str: 13    XL:     3   Next: 23%
Magic:  5/5        EV: 11    Int: 18    God:    Lugonu [*.....]
Gold:   84         SH:  0    Dex: 12    Spells: 0 memorised, 2 levels left

rFire  + . .     SeeInvis .     a - +1 hand axe
rCold  + . .     Gourm    .     b - +0 leather armour
rNeg   . . .     Faith    .     (no shield)
rPois  +         Spirit   .     (no helmet)
rElec  +         Dismiss  .     (no cloak)
rCorr  +         Reflect  .     (no gloves)
SustAt .         Harm     .     (no boots)
MR     .....                    (no amulet)
Stlth  +.........               (no ring)
                                f - +5 ring of intelligence

@: lethally poisoned (-1 -> -5), resistant, not resistant to hostile
enchantments, very unstealthy
A: claws 1, demonic guardian 1, electricity resistance
a: Depart the Abyss, Renounce Religion


You were on level 2 of the Dungeon.
You worshipped Lugonu.
Lugonu was aware of your devotion.
You were hungry.

You visited 1 branch of the dungeon, and saw 2 of its levels.
You visited the Abyss 1 time.

You collected 84 gold pieces.

Inventory:

Hand Weapons
 a - a +1 hand axe (weapon)
Armour
 b - a +0 leather armour (worn)
Jewellery
 f - a +5 ring of intelligence (left claw)
Wands
 d - a wand of paralysis (13/24)
Scrolls
 e - a scroll of identify {unknown}
 i - a scroll of random uselessness {unknown}
 j - a scroll of noise {unknown}
Comestibles
 c - 2 bread rations


   Skills:
 + Level 3.6 Fighting
 + Level 2.2 Axes
 + Level 2.1 Armour
 + Level 1.0 Dodging
 + Level 2.7 Invocations


You had 2 spell levels left.
You didn't know any spells.

Dungeon Overview and Level Annotations

Branches:
Dungeon (2/15)

Altars:


Innate Abilities, Weirdness & Mutations

You have sharp fingernails.
A weak demonic guardian rushes to your aid.
You are resistant to electric shocks.


Message History

You feel sick. The adder bites you.
You hit the adder.
The adder is severely wounded.
The adder bites you. The adder closely misses you.
You closely miss the adder.
The adder is severely wounded.
You are feeling hungry.
You feel sick. The adder bites you.
* * * LOW HITPOINT WARNING * * *
The adder bites you.
* * * LOW HITPOINT WARNING * * *
Drink which item? (? for menu, Esc to quit)
It was a potion of beneficial mutation.
You feel insulated.
You feel fantastic! The adder bites you.
* * * LOW HITPOINT WARNING * * *
Drink which item? (? for menu, Esc to quit)
You feel protected. The adder bites you.
You die...

........+
........#
.........
$.......# ......#
....
#.#####.#######
........@.†...#...
#.#####>S.........
#.#.<#+##...
#.#.........
#.#.........
#.#.........
#.#...?.....
#.#........?
#.........


You could see an adder.

Vanquished Creatures
  An ooze (D:1)
  2 dart slugs
  3 bats (D:1)
  6 goblins
  5 hobgoblins (D:1)
  2 jackals (D:1)
  3 giant newts (D:1)
  4 kobolds (D:1)
26 creatures vanquished.

Notes
Turn   | Place    | Note
--------------------------------------------------------------
     0 | Abyss:1  | Gargoyl the Demonspawn Abyssal Knight began the quest for the Orb.
     0 | Abyss:1  | Reached XP level 1. HP: 18/18 MP: 2/2
    61 | Abyss:3  | Noticed a ynoxinul
    66 | Abyss:3  | Noticed a small abomination
   109 | Abyss:3  | Noticed a flying skull
   110 | Abyss:3  | Noticed a flying skull
   117 | D:1      | Escaped the Abyss
   211 | D:1      | Reached skill level 1 in Dodging
   211 | D:1      | Gained mutation: You have sharp fingernails. [demonic ancestry]
   211 | D:1      | Reached XP level 2. HP: 15/24 MP: 3/3
   357 | D:1      | Reached * piety under Lugonu
   881 | D:1      | Gained mutation: A weak demonic guardian rushes to your aid. [demonic ancestry]
   881 | D:1      | Reached XP level 3. HP: 26/29 MP: 5/5
   989 | D:2      | Gained mutation: You are resistant to electric shocks. [potion of beneficial mutation]
   990 | D:2      | Slain by an adder

Skill      XL: |  1  2 |
---------------+-------+-----
Axes           | 2 |  2.2
Dodging        | 1 |  1.0
Armour         | 2 |  2.1
Fighting       | |  3.6
Invocations    | |  2.7

Action                   || total
-------------------------++-------
Melee: Hand axe          ||    68
Invok: Depart the Abyss  ||     1
  Use: Potion            ||     2
Armor: Leather armour    ||    27
Dodge: Dodged            ||    42
